 Dungeon Crawl Stone Soup version 0.22-a0-142-g91cc6d7 (webtiles) character file.

1612 Stimme the Cleaver (level 8, -7/73 HPs)
             Began as a Hill Orc Fighter on Feb 5, 2018.
             Mangled by an orc warrior
             ... wielding a +0 short sword
              (12 damage)
             ... on level 6 of the Dungeon.
             The game lasted 00:15:35 (4923 turns).

Stimme the Cleaver (Hill Orc Fighter)               Turns: 4923, Time: 00:15:35

Health: -7/73      AC:  8    Str: 24    XL:     8   Next: 95%
Magic:  17/17      EV:  9    Int:  8    God:
Gold:   104        SH:  8    Dex: 10    Spells: 7/7 levels left

rFire    . . .     SeeInvis .   a - +1 war axe
rCold    . . .     Gourm    .   c - +0 shield
rNeg     . . .     Faith    .   b - +0 scale mail
rPois    +         Spirit   .   m - +0 helmet
rElec    .         Reflect  .   (no cloak)
rCorr    .         Harm     .   (no gloves)
MR       .....                  (no boots)
Stlth    ..........             p - amulet of rage
HPRegen  0.22/turn              v - ring of magical power
MPRegen  0.15/turn              l - +2 ring of evasion

@: mighty, heavily drained
A: clumsy 1, poison resistance, evolution 1
a: Evoke Berserk Rage


You were on level 6 of the Dungeon.
You were not hungry.

You visited 1 branch of the dungeon, and saw 6 of its levels.

You collected 208 gold pieces.
You spent 104 gold pieces at shops.

Inventory:

Hand Weapons
 a - a +1 war axe (weapon)
Missiles
 e - 21 arrows
 j - a throwing net (quivered)
Armour
 b - a +0 scale mail (worn)
 c - a +0 shield (worn)
 m - a +0 helmet (worn)
Jewellery
 d - a +2 ring of intelligence
 h - an uncursed amulet of regeneration
 k - an uncursed ring of see invisible
 l - a +2 ring of evasion (right hand)
 o - an uncursed ring of poison resistance
 p - an amulet of rage (around neck)
 s - an uncursed ring of resist corrosion
 v - a ring of magical power (left hand)
Wands
 r - a wand of iceblast (8)
Scrolls
 g - 5 scrolls of identify
 n - 2 scrolls of remove curse
Potions
 q - a potion of flight {unknown}
Comestibles
 f - 12 rations


   Skills:
 + Level 7.6(5.7) Fighting
 * Level 10.3(8.3) Axes
 + Level 6.8(4.9) Armour
 - Level 3.3(1.6) Shields


You had 7 spell levels left.
You didn't know any spells.

Dungeon Overview and Level Annotations

Branches:
Dungeon (6/15)
 Temple: D:4-7

Altars:
Ashenzari
Elyvilon
Gozag
Kikubaaqudgha
Nemelex Xobeh
Ru
Sif Muna
Xom

Shops:
D:4 }!=[%


Innate Abilities, Weirdness & Mutations

You are clumsy. (Dex -2)
Your system is resistant to poisons. (rPois)
You evolve.


Message History

You block the orc warrior's attack.
You slash the orc priest!
You kill the orc priest!
You hit the orc warrior but do no damage.
You block the orc warrior's attack.
You closely miss the orc warrior.
The orc warrior is moderately wounded.
The orc warrior hits you with a short sword!
* * * LOW HITPOINT WARNING * * *
You closely miss the orc warrior.
The orc warrior is moderately wounded.
The orc warrior hits you but does no damage.
You block the orc warrior's attack.
You feel very mighty all of a sudden.
The orc warrior hits you with a short sword!
* * * LOW HITPOINT WARNING * * *
You barely miss the orc warrior.
The orc warrior is moderately wounded.
The orc warrior hits you with a short sword!
You die...

.oo.[.# ......#
......# ......
#o)...# .....#
#.o...# ....[#
#.....# .....# +$##
.....### #.)##
.......# #.o@##
.....#.###+###....#
..................#
.................##
.................#
...#####.........#
##..# #.......[.#
###.# #.........#
....####.........#


You could see an orc warrior.

Vanquished Creatures
  The ghost of Stimme the Chopper, a novice HOFi (D:6)
  An orc warrior (D:5)
  A black bear (D:3)
  2 phantoms
  A centaur (D:6)
  A scorpion (D:5)
  5 wights
  2 crimson imps
  A bullfrog zombie (D:5)
  3 hounds
  3 orc priests (D:6)
  2 worker ants (D:5)
  4 gnolls (D:3)
  9 adders
  A shadow imp (D:5)
  2 oozes
  An adder zombie (D:5)
  An adder skeleton (D:4)
  5 dart slugs
  6 leopard geckos
  12 orcs
  5 ball pythons
  4 giant cockroaches
  8 goblins
  9 hobgoblins
  5 quokkas (D:2)
  8 bats
  4 frilled lizards
  A jackal zombie (D:5)
  6 kobolds
  6 rats
120 creatures vanquished.

Vanquished Creatures (collateral kills)
  An orc (D:6)
1 creature vanquished.

Grand Total: 121 creatures vanquished

Notes
Turn   | Place    | Note
-------+----------+-------------------------------------------
     0 | D:1      | Stimme the Hill Orc Fighter began the quest for the Orb.
     0 | D:1      | Reached XP level 1. HP: 19/19 MP: 1/1
   162 | D:1      | Reached skill level 3 in Axes
   162 | D:1      | Reached XP level 2. HP: 27/27 MP: 2/2
   534 | D:1      | Reached XP level 3. HP: 33/33 MP: 3/3
  1136 | D:2      | Reached skill level 4 in Axes
  1228 | D:2      | Reached XP level 4. HP: 37/41 MP: 4/4
  1539 | D:2      | Found a deep blue altar of Sif Muna.
  1747 | D:2      | Reached XP level 5. HP: 39/47 MP: 5/5
  1971 | D:3      | Noticed a black bear
  1984 | D:3      | Reached skill level 5 in Axes
  2067 | D:3      | Killed a black bear
  2067 | D:3      | Reached skill level 5 in Fighting
  2067 | D:3      | Reached XP level 6. HP: 18/56 MP: 6/6
  2300 | D:3      | Reached skill level 6 in Axes
  2465 | D:4      | Found Hackomoa's Armour Shop.
  2480 | D:4      | Found Fidachyci's Food Shop.
  2558 | D:5      | Entered Level 5 of the Dungeon
  2606 | D:4      | Noticed a phantom
  2615 | D:4      | Found Gaxih's Distillery.
  2622 | D:4      | Bought a potion of mutation for 104 gold pieces
  2622 | D:4      | Gained mutation: Your system is resistant to poisons. (rPois) [potion of mutation]
  2622 | D:4      | Gained mutation: You are clumsy. (Dex -2) [potion of mutation]
  2622 | D:4      | Gained mutation: You evolve. [potion of mutation]
  2632 | D:4      | Killed a phantom
  2677 | D:4      | Reached skill level 5 in Armour
  2706 | D:4      | Found Epreethoshro's Gadget Shoppe.
  2834 | D:4      | Found a shimmering altar of Xom.
  2834 | D:4      | Found a sparkling altar of Nemelex Xobeh.
  2839 | D:4      | Found an opulent altar of Gozag.
  2841 | D:4      | Found a faded altar of an unknown god.
  2843 | D:4      | Found an ancient bone altar of Kikubaaqudgha.
  2882 | D:4      | Found Neeriniff's Jewellery Boutique.
  2934 | D:5      | Reached XP level 7. HP: 55/62 MP: 7/7
  2951 | D:5      | Reached skill level 7 in Axes
  3248 | D:5      | Found a sacrificial altar of Ru.
  3248 | D:5      | Found a shattered altar of Ashenzari.
  3249 | D:5      | Found a white marble altar of Elyvilon.
  4002 | D:5      | Reached skill level 8 in Axes
  4119 | D:6      | Reached XP level 8. HP: 71/71 MP: 8/8
  4138 | D:6      | Noticed Stimme's ghost (novice HOFi)
  4164 | D:6      | Killed Stimme's ghost
  4164 | D:6      | Reached skill level 9 in Axes
  4496 | D:6      | Reached skill level 10 in Axes
  4923 | D:6      | Mangled by an orc warrior

Vault maps used:
D:1:      eino_arrival_tree_alley, fountainhead, roderic_roman_lattice,
          minmay_tripent
D:2:      wad_river_or_something, marbit_many_paths,
          nicolae_overflow_hidden_temple
D:4:      chequers_temple_overflow_minitemple, serial_glass, glass_columns_a,
          glass_columns_c, glass_columns_a, glass_columns_a, glass_columns_a,
          glass_columns_b, serial_shops, kennysheep_mini, shop, shop,
          nicolae_shop_stone, kennysheep_mini_moat
D:5:      gammafunk_temple_overflow_claw, first_ration
D:6:      vehumet_statue, minmay_temple_entry_glassed_door, uniq_sigmund

Skill      XL: |  1  2  3  4  5  6  7  8 |
---------------+-------------------------+-----
Fighting       | 4 5 6 7 |  7.6
Axes           | 3 4 5 6 8 10 | 10.3
Armour         | 4 5 6 |  6.8
Shields        | |  3.3

Action                   |  1- 3 |  4- 6 |  7- 9 || total
-------------------------+-------+-------+-------++-------
Melee: War axe           |   137 |   161 |   175 ||   473
  Use: Potion            |       |     6 |     7 ||    13
       Scroll            |       |     5 |     3 ||     8
  Eat: Chunk             |     1 |     6 |     1 ||     8
       Ration            |       |       |     2 ||     2
Armor: Scale mail        |    75 |    90 |    50 ||   215
Dodge: Dodged            |    47 |    47 |    59 ||   153
Block: Shield            |    76 |   108 |    89 ||   273

Table legend:
 A = Spawn XP
 B = Non-spawn XP
 C = Spawn XP percentage of total XP
 D = Spawn monster count
 E = Non-spawn monster count
 F = Spawn count percentage of total count
 G = Total turns spent on level
                    A         B        C        D         E        F      G
               +---------+---------+-------+---------+---------+-------+---------
         Total |       0 |    2303 |   0.0 |       0 |     121 |   0.0 |  4923
               +---------+---------+-------+---------+---------+-------+---------
           D:1 |       0 |      42 |   0.0 |       0 |      24 |   0.0 |   959
           D:2 |       0 |     136 |   0.0 |       0 |      38 |   0.0 |  1005
           D:3 |       0 |     204 |   0.0 |       0 |      10 |   0.0 |   501
           D:4 |       0 |     233 |   0.0 |       0 |       7 |   0.0 |   410
           D:5 |       0 |     500 |   0.0 |       0 |      19 |   0.0 |  1619
           D:6 |       0 |    1188 |   0.0 |       0 |      23 |   0.0 |   429
               +---------+---------+-------+---------+---------+-------+---------
